Cogmind - Beta 13 @@@ ROGUE MODE // 2024.04.15 @ 16:39:51 Player: Grizzly Result: Destroyed by S-10 Pest with Light Assault Rifle Performance ------------- Evolutions (0) 0 Regions Visited (2) 400 Robots Destroyed (12) 60 Value Destroyed (264) 264 Prototype IDs (0) 0 Alien Tech Used (0) 0 Bonus (0) 0 TOTAL SCORE: 724 Bonus ------- None Cogmind --------- Core Integrity 0/250 Matter 188/400 Energy 100/100 System Corruption 0% Temperature Cool (0) Movement Core (200) Ox3 Location -10/Mines Parts ------- > --- POWER (1) -------- (None) > --- PROPULSION (2) --- (None) > --- UTILITY (2) ------ Medium Storage Unit Medium Matter Pod > --- WEAPON (2) ------- (None) > --- INVENTORY (10) --- (None) Peak State ------------ > --- POWER ------------ Light Ion Engine > --- PROPULSION ------- Aluminum Leg Aluminum Leg > --- UTILITY ---------- Core Shielding > --- WEAPON ----------- Small Laser Assault Rifle > --- INVENTORY -------- (None) [Rating: 6] Favorites ----------- Power Light Ion Engine Engine Light Ion Engine Propulsion Aluminum Leg Leg Aluminum Leg Utility Core Shielding Storage Medium Matter Pod Protection Core Shielding Weapon Assault Rifle Energy Gun Small Laser Energy Cannon Beam Cannon Ballistic Gun Assault Rifle Launcher Grenade Launcher Build | -11 -10 -10 ------- Run | Yrd Mat Min Slots Evolved . | . . . Power . | . . . Propulsion . | . . . Utility . | . . . Weapon . | . . . Parts Attached 14 | 5 9 . Power 2 | 1 1 . Engine 2 | 1 1 . Core . | . . . Reactor . | . . . Propulsion 4 | 2 2 . Treads . | . . . Leg 4 | 2 2 . Wheel . | . . . Hover . | . . . Flight . | . . . Utility 3 | . 3 . Device . | . . . Storage 2 | . 2 . Processor . | . . . Hackware . | . . . Protection 1 | . 1 . Artifact . | . . . Weapon 5 | 2 3 . Energy Gun 1 | 1 . . Energy Cannon 2 | . 2 . Ballistic Gun 1 | 1 . . Ballistic Cannon . | . . . Launcher 1 | . 1 . Special Weapon . | . . . Impact Weapon . | . . . Slashing Weapon . | . . . Piercing Weapon . | . . . Special Melee Weapon . | . . . Unidentified Prototypes . | . . . Parts Lost 7 | . 5 2 Power 2 | . 2 . Propulsion 3 | . 1 2 Utility . | . . . Weapon 2 | . 2 . Highest Loss Streak 3 | . 3 2 To Critical Strikes . | . . . Average Slot Usage (%) 72 | . 75 53 Engine 9 | . 10 . Leg 27 | . 27 24 Storage 4 | . 1 28 Protection 11 | . 13 . Energy Gun 5 | . 6 . Energy Cannon 3 | . 3 . Ballistic Gun 9 | . 10 . Naked Turns . | . . . Heaviest Build 12 | 6 12 12 Greatest Support 20 | 20 20 20 Greatest Overweight (x) 1 | . . 1 Average Overweight (x) . | . . . Largest Inventory Capacity 10 | 5 10 10 Average Capacity 5 | 5 5 10 Most Carried 5 | 2 5 . Average Carried 1 | . 1 . Final Capacity 10 | 5 10 10 Final Carried . | . . . Class Distribution -------------------- 100% | Mutant Dominant Class ---------------- Mutant | -10/Materials Mutant | -10/Mines Resources | -11 -10 -10 ----------- Run | Yrd Mat Min Matter Collected 313 | 259 54 . Remotely . | . . . Salvage Created 399 | 68 331 . Parts 22 | 4 18 . Haulers Intercepted . | . . . Recyclers Shooed . | . . . Parts Field Recycled . | . . . Retrieved Matter . | . . . Parts Self-Destructed . | . . . Prevented . | . . . Kills | -11 -10 -10 ------- Run | Yrd Mat Min Combat Hostiles Destroyed 7 | 1 6 . Guns 4 | 1 3 . Cannons 2 | . 2 . AOE 1 | . 1 . Classes Destroyed 3 | 2 1 . Worker 3 | 1 2 . Builder 2 | . 2 . Grunt 7 | 1 6 . Best Kill Streak 6 | 1 6 . Combat Bots Only 3 | 1 3 . Max Kills in Single Turn 1 | 1 1 . Gunslinging . | . . . Exploded 1 | . 1 . Melee . | . . . Uniques/NPCs Destroyed . | . . . Combat | -11 -10 -10 -------- Run | Yrd Mat Min Hostile Shots Fired 116 | 2 71 43 Missed 24 | 1 13 10 Damage Taken 1075 | 11 797 267 Core 254 | . 167 87 Absorbed by Shields . | . . . Redirected to Shielding 36 | . 36 . Core Remaining (%) 100 | 100 . . Volleys Fired 31 | 3 28 . Largest 2 | 2 2 . Hottest 120 | 60 120 . Shots Fired 53 | 6 47 . Gun 31 | 6 25 . Cannon 18 | . 18 . Launcher 4 | . 4 . Special . | . . . Kinetic 19 | 3 16 . Thermal 30 | 3 27 . Explosive 4 | . 4 . Electromagnetic . | . . . Robot Hit Streak 12 | 2 12 . Robot Miss Streak 3 | 1 3 . Penetration Max . | . . . Secondary Targets 1 | . 1 . Max Gunslinging Chain 1 | . 1 . Shots Hit Robots 32 | 4 28 . Core Hits 21 | 3 14 4 Critical Kills . | . . . Critical Parts Destroyed . | . . . Critical Strikes . | . . . Melee Attacks . | . . . Impact . | . . . Slashing . | . . . Piercing . | . . . Sneak Attacks . | . . . Combat Hostiles . | . . . Follow-up Attacks . | . . . Damage Inflicted 571 | 47 517 7 Guns 229 | 47 182 . Cannons 174 | . 174 . Explosions 159 | . 159 . Melee . | . . . Ramming 9 | . 2 7 Kinetic 150 | 12 138 . Thermal 253 | 35 218 . Explosive 159 | . 159 . Electromagnetic . | . . . Impact . | . . . Slashing . | . . . Piercing . | . . . Highest Corruption . | . . . Average Corruption . | . . . Corruption Purged . | . . . Corruption Blocked . | . . . Overload Shots . | . . . Overflow Damage . | . . . Projectiles . | . . . Explosions . | . . . Melee . | . . . Knockbacks . | . . . Impact . | . . . Kinetic . | . . . Secondary . | . . . Self-Inflicted Damage 15 | . 15 . Shots 1 | . 1 . Rammed 1 | . . 1 Targets Rammed 6 | . 1 5 Kicked 5 | . 1 4 Crushed . | . . . Highest Temperature 573 | 6 573 . Average Temperature 257 | 6 268 . Received Heat Transfer 507 | 6 501 . Effects 18 | . 18 . Shutdowns 4 | . 4 . Energy Bleed 1 | . 1 . Interference 1 | . 1 . Matter Decay 2 | . 2 . Short Circuit 1 | . 1 . Damage (minor) 5 | . 5 . Damage (major) 4 | . 4 . Siege Activations . | . . . Robots Corrupted . | . . . Combat Hostiles . | . . . Parts Fried . | . . . Impact Corruptions . | . . . Robots Melted . | . . . Combat Hostiles . | . . . Parts Melted . | . . . Heat Transferred 545 | 75 470 . Parts Sabotaged . | . . . Parts Stolen . | . . . Parts Stripped . | . . . Power Chain Reactions . | . . . Alert | -11 -10 -10 ------- Run | Yrd Mat Min Peak Influence 200 | 25 200 69 Initial 69 | . 16 69 Average 55 | 4 70 65 Maximum Alert Level 1 | . 1 . Low Security (%) 98 | 100 98 100 Level 1 1 | . 1 . Level 2 . | . . . Level 3 . | . . . Level 4 . | . . . Level 5 . | . . . High Security . | . . . Max Security . | . . . Squads Dispatched 2 | . 2 . Investigation 1 | . 1 . Extermination . | . . . Reinforcement 1 | . 1 . Assault . | . . . Garrison . | . . . Intercept . | . . . Searches Triggered . | . . . Construction Impeded . | . . . Haulers Reinforced . | . . . Active Scanning Responses . | . . . Cargo Convoy Interrupts . | . . . Stealth | -11 -10 -10 --------- Run | Yrd Mat Min Distress Signals . | . . . Communications Jammed . | . . . Distress Signals . | . . . Times Spotted 17 | 1 13 3 Peak Tracking Total 5 | 1 5 3 Tactical Retreats . | . . . Traps | -11 -10 -10 ------- Run | Yrd Mat Min Traps Triggered 1 | . 1 . Indirectly . | . . . Trap Hack Attempts . | . . . Triggered . | . . . Disarmed . | . . . Reprogrammed . | . . . Reused . | . . . Traps Extracted . | . . . Installed . | . . . Triggered . | . . . Machines | -11 -10 -10 ---------- Run | Yrd Mat Min Machines Disabled . | . . . Max in Single Turn . | . . . Machines Repaired . | . . . Machines Dismantled . | . . . Machines Sabotaged . | . . . Overloaded Fab Kills . | . . . Hacking | -11 -10 -10 --------- Run | Yrd Mat Min Machines Accessed . | . . . Terminals . | . . . Fabricators . | . . . Repair Stations . | . . . Recycling Units . | . . . Scanalyzers . | . . . Garrison Access . | . . . Total Hacks . | . . . Successful . | . . . Failed . | . . . Catastrophic . | . . . Database Lockouts . | . . . Manual . | . . . Terminals . | . . . Fabricators . | . . . Repair Stations . | . . . Recycling Units . | . . . Scanalyzers . | . . . Garrison Access . | . . . Terminal Hacks . | . . . Fabricator Hacks . | . . . Repair Station Hacks . | . . . Recycling Unit Hacks . | . . . Scanalyzer . | . . . Garrison Access Hacks . | . . . Unauthorized Hacks . | . . . Terminals . | . . . Fabricators . | . . . Repair Stations . | . . . Recycling Units . | . . . Scanalyzers . | . . . Garrison Access . | . . . Data Cores Recovered . | . . . Used . | . . . Hacking Detections . | . . . Full Trace Events . | . . . Feedback Events . | . . . Feedback Blocked . | . . . Robot Schematics Acquired . | . . . Robots Built . | . . . Authchips . | . . . Time . | . . . Total Robot Build Rating . | . . . Part Schematics Acquired . | . . . Parts Built . | . . . Authchips . | . . . Time . | . . . Total Part Build Rating . | . . . Parts Repaired . | . . . Time . | . . . Parts Recycled . | . . . Recycled Matter . | . . . Retrieved Matter . | . . . Retrieved Components . | . . . Parts Scanalyzed . | . . . Part Schematics Acquired . | . . . Parts Damaged . | . . . Bothacking | -11 -10 -10 ------------ Run | Yrd Mat Min Used RIF Installer . | . . . Robots Hacked . | . . . Non-combat . | . . . Combat . | . . . Robot Hacks Applied . | . . . Relay Couplers Released . | . . . Fabnet Peak Effective % . | . . . Robots Rewired . | . . . Allies Hacked . | . . . Hacks Repelled . | . . . Allies | -11 -10 -10 -------- Run | Yrd Mat Min Total Allies . | . . . Largest Group . | . . . Highest-Rated Group . | . . . Highest-Rated Ally . | . . . Total Orders . | . . . Ally Attacks . | . . . Total Damage . | . . . Kills . | . . . Allies Corrupted . | . . . Allies Melted . | . . . Intel | -11 -10 -10 ------- Run | Yrd Mat Min Robot Analysis Total . | . . . Derelict Logs Recovered . | . . . Drone Launches . | . . . Drone Recoveries . | . . . Exploration | -11 -10 -10 ------------- Run | Yrd Mat Min Turns Passed 384 | 81 262 41 Spaces Moved 222 | 60 137 25 Core 15 | 15 . . Treads . | . . . Legs 207 | 45 137 25 Wheels . | . . . Hover . | . . . Flight . | . . . Fastest Speed 50 | 50 120 120 Average Speed 116 | 102 120 128 Slowest Speed 190 | 120 120 190 Overloaded Moves . | . . . Propulsion Burnouts . | . . . Robots Hopped . | . . . Cave-ins Triggered . | . . . Exploration Rate (%) 14 | 7 26 9 Regions Visited 2 Branch Regions 1 Pre-discovered Areas . | . . . Known Exits Taken . | . . . Unknown Exits Taken 2 | 1 1 . Scrap Searched . | . . . Spaces Dug . | . . . Terrain Destroyed 27 | . 27 . Melee . | . . . Projectile . | . . . AOE 27 | . 27 . Terrain Rammed . | . . . Walls Destroyed . | . . . Machines Disabled . | . . . Actions | -11 -10 -10 --------- Run | Yrd Mat Min Total 291 | 73 188 30 Wait 2 | 1 1 . Move 220 | 59 136 25 Hop . | . . . Pick Up 13 | 5 8 . Fast Attach 1 | . 1 . Attach 10 | 5 5 . Detach . | . . . Swap 3 | . 3 . Drop 5 | . 5 . Fire 31 | 3 28 . Melee . | . . . Ram 1 | . . 1 Kick 5 | . 1 4 Crush . | . . . Escape Stasis . | . . . Rewire . | . . . Trap . | . . . Miscellaneous . | . . . Route ------- -11/Scrapyard -10/Materials -10/Mines History --------- Turn | Location | Event 2 | -11/Scrapyard | Met Revision 17 64 | -11/Scrapyard | Discovered new exit (range 8) 82 | -11/Scrapyard | Entered Materials 302 | -10/Materials | Build established: Mutant 310 | -10/Materials | Core integrity fell below 50% 326 | -10/Materials | Discovered new exit (range 11) 344 | -10/Materials | Entered Mines 370 | -10/Mines | Lost 3 parts (1p1n1w) 374 | -10/Mines | Core integrity fell below 20% 385 | -10/Mines | Destroyed by S-10 Pest with Light Assault Rifle Last Messages --------------- GOAL=ESCAPE 00354_ K-01 Serf collects debris. 00371_ Aluminum Leg destroyed. Remember there are three different ways to zoom the map: Scroll the mouse wheel while panning the map with Shift, or toggle via 'z' or the ZOOM button over the map. You have activated your volley range indicator ('v' or the button under the VOLLEY window), useful for visualizing the range of your currently active weapons. That window and button are only visible while in targeting mode. See the manual for a detailed description of its advanced features. 00377_ Kicked S-10 Pest. 00378_ K-01 Serf cleans the Laser Drill. 00378_ Kicked S-10 Pest out of the way. 00382_ Kicked S-10 Pest. 00383_ Aluminum Leg destroyed. 00384_ Slammed into S-10 Pest. Map ----- +----------------------------------------------------+ | | | | | | | | | | | | | | | | | | | | | | | | | | | | | | | | | | | ?????????????????????????????????????????? | | ?????????????????????????????????????????? | | ?????????????????????????????????????????? | | ?????????????????????????????????????????? | | ????????????????????????##############???? | | ????????????????????????# #???? | | ????????????????????????# """ """ #???? | | ????????????????????????#s""" """ #???? | | ????????????????????????#@""" """ #???? | | ????????????????????????# s #???? | | ????????????????????????# """ """ #???? | | ????????????????????????# """ """ #???? | | ????????????????????????#s""" """ #???? | | ????????????????????????# #???? | | ????????????????????????########k#####???? | | ???????????????????????????????# #???????? | | ???????????????????????????????# #???????? | | ???????????????????????????????# #???????? | | ???????????????????????????????# #???????? | | ???????????????????????????????# #???????? | | ?????????????????????????????### ###?????? | | ?????????????????????????????# #?????? | | ?????????????????????????????# #?????? | | ??????????????????????????#$ """ #?????? | | ??????????????????????????# """ #?????? | | ????????????????????????? ## """ #?????? | | ??????????????????????? ##?# #?????? | | ????????????????????? ????#######?????? | | ????????????????????## #?????????????????? | | ?????????????????????#???????????????????? | | ?????????????????????????????????????????? | | ?????????????????????????????????????????? | | ?????????????????????????????????????????? | +----------------------------------------------------+ Best States ------------- Heat Dissipation 25 Energy Generation 10 Energy Capacity 250 Matter Stores 300 Matter Capacity 400 Sight Range 16 Terrain Scan Density 10 Core Shielding 20 Evasion (%) 55 Item Schematics ----------------- None Robot Schematics ------------------ None Fabricated ------------ Nothing Alien Tech Used ----------------- None Achievements -------------- Crack Shot Challenges ------------ None Game ------ Seed IonicGuidanceUnit Manual? 0 Play Time 00:09:00 Cumulative 0.3 hours Start 2024.04.15 @ 13:38:36 End 2024.04.15 @ 16:39:51 Sessions 5 Manual Loads 0 Difficulty Rogue Special Mode None Game No. 2 Rogue 2 Adventurer 0 Explorer 0 Win Type - Total 0 Types 0/0/0/0/0/0/0/0/0 Lore% 0 Gallery% 1 Achievement% 1 Wizard Run 0 Options --------- Layout 1 ASCII 0 Keyboard 0 Movement Mouse Keybinds 0 Fullscreen 2 Font 24/Smallcaps Map View 50x35 Zoom Use 0% Tactical HUD 1 Map Filters NONE Filters NONE Steam 1 RUN: 207af171-e6b3-4bdd-82e5-f94d1314d903